 Dungeon Crawl Stone Soup version 0.30.1-3-gfc49f6343a (webtiles) character file.

Game seed: 15907739378681335018

56 Wiggles the Chopper (level 3, -1/33 HPs)
             Began as a Minotaur Berserker on July 26, 2023.
             Was a Believer of Trog.
             Succumbed to a water moccasin's poison
             ... on level 3 of the Dungeon.
             The game lasted 00:02:47 (1441 turns).

Wiggles the Chopper (Minotaur Berserker)            Turns: 1441, Time: 00:02:47

Health: -1/33      AC:  3    Str: 23    XL:     3   Next: 71%
Magic:  2/2        EV: 10    Int:  4    God:    Trog [**....]
Gold:   175        SH:  6    Dex:  9    Spells: 2/2 levels left

rFire   . . .        a - +0 hand axe
rCold   . . .        c - +0 kite shield
rNeg    . . .        i - +0 leather armour
rPois   .            (helmet restricted)
rElec   .            (no cloak)
rCorr   .            (no gloves)
SInv    .            (no boots)
Will    .....        (no amulet)
Stlth   +            (no ring)
HPRegen 0.25/turn    (no ring)
MPRegen 0.08/turn

%: no passive effects
@: lethally poisoned (-1 -> -6)
A: horns 2, retaliatory headbutt
a: Renounce Religion, Berserk, Trog's Hand


You were on level 3 of the Dungeon.
You worshipped Trog.
Trog was pleased with you.
You visited 1 branch of the dungeon, and saw 3 of its levels.

You collected 175 gold pieces.

Inventory:

Hand Weapons
 a - a +0 hand axe (weapon)
Armour
 c - a +0 kite shield (worn)
 i - a +0 leather armour (worn)
Scrolls
 b - 3 scrolls of identify {unknown}
 e - a scroll of blinking {unknown}
 f - a scroll of enchant weapon {unknown}
 j - a scroll of teleportation {unknown}
 k - a scroll of immolation {unknown}
 m - a scroll of fear {unknown}
Potions
 d - a potion of curing {unknown}
 g - a potion of invisibility {unknown}
 h - a potion of might {unknown}
 l - a potion of ambrosia {unknown}


   Skills:
 - Level 3.7 Fighting
 + Level 5.1 Axes
 - Level 2.9 Armour
 - Level 2.5 Dodging
 - Level 0.2 Shields


You had 2 spell levels left.
You didn't know any spells.
Your spell library was empty.

Dungeon Overview and Level Annotations

Branches:
Dungeon (3/15)

Altars:

Annotations:
D:1 2 runed translucent doors


Innate Abilities, Weirdness & Mutations

You have a pair of horns on your head.
You reflexively headbutt those who attack you in melee.


Message History

Trog accepts your kill. The dart slug launches a dart at you.
The slug dart misses you.
You hit the dart slug but do no damage.
The dart slug is almost dead.
The dart slug barely misses you. You furiously retaliate!
You headbutt the dart slug!
You kill the dart slug!
Trog accepts your kill.
No target in view!
Found a short sword.
A water moccasin comes into view.
The water moccasin hisses angrily.
You closely miss the water moccasin. The water moccasin bites you.
You hit the water moccasin.
Your headbutt misses the water moccasin.
The water moccasin is lightly wounded.
The water moccasin completely misses you.
The water moccasin bites you.
You are poisoned.
The water moccasin poisons you!
You miss the water moccasin.
Your headbutt misses the water moccasin.
The water moccasin is lightly wounded.
You feel very sick.
The water moccasin bites you but does no damage.
The water moccasin barely misses you.
You barely miss the water moccasin.
Your headbutt misses the water moccasin.
The water moccasin is lightly wounded.
You feel very sick. The water moccasin bites you!
* * * LOW HITPOINT WARNING * * *
* * * LOW HITPOINT WARNING * * *
You feel sick. The water moccasin bites you.
* * * LOW HITPOINT WARNING * * *
You barely miss the water moccasin.
Your headbutt misses the water moccasin.
The water moccasin is lightly wounded.
You die...

.# .#.# # ...#.#.#
....#.#.## .
...#.#.#.### ...
.#.#.#.#....##....
.#.#.#.#.#.........
.#.#.#.#.#.@S.#
#.#.#.#.#.#.###
#...#.#.#.## .#
....#.#.#.### #.#
..#.#.#....#
#.#+#.#.#.#...#
#.#.#.#.#........
#.#.#.#.#......#
#.#.#.#.##)...#


You could see a water moccasin.

Vanquished Creatures
  2 worms (D:2)
  A dart slug (D:3)
  6 ball pythons
  8 bats
  3 endoplasms (D:2)
  A giant cockroach (D:1)
  3 goblins
  5 hobgoblins
  A jackal (D:1)
  3 quokkas
  2 frilled lizards
  6 kobolds
  3 rats
44 creatures vanquished.

Notes
Turn   | Place    | Note
-------+----------+-------------------------------------------
     0 | D:1      | Wiggles the Minotaur Berserker began the quest for the Orb.
     0 | D:1      | Reached XP level 1. HP: 19/19 MP: 0/0
    42 | D:1      | Reached skill level 4 in Axes
    46 | D:1      | Found a large runed translucent door.
    46 | D:1      | Found a large runed translucent door.
    49 | D:1      | Reached XP level 2. HP: 27/27 MP: 1/1
    60 | D:1      | Noticed an orc warrior
   403 | D:1      | Found a faded altar of an unknown god.
   856 | D:2      | Reached ** piety under Trog
   949 | D:2      | Reached XP level 3. HP: 25/33 MP: 2/2
  1276 | D:2      | Reached skill level 5 in Axes
  1434 | D:3      | Noticed a water moccasin
  1440 | D:3      | HP: 1/33 [water moccasin (5)]
  1441 | D:3      | Succumbed to a water moccasin's poison

Illustrated notes

Levels and vault maps discovered:
D:1:      erik_arrival_cave_to_civilisation [erik_arrival_cave_to_temple],
          layout_rooms, shapermc_ecumenical_altar_gd, minmay_cut_off
D:2:      layout_basic
D:3:      due_chaos_kobolds, layout_basic

Skill      XL: |  1  2  3 |
---------------+----------+-----
Axes           | 4 5 |  5.1
Fighting       | |  3.7
Armour         | |  2.9
Dodging        | |  2.5
Shields        | |  0.2

Action                     || total
---------------------------++-------
  Melee: Hand axe          ||   100
         Headbutt          ||    21
 Armour: Animal skin       ||    22
         Leather armour    ||     9
  Dodge: Dodged            ||    46
  Block: Kite shield       ||    24
